 Dungeon Crawl Stone Soup version 0.31-a0-16-g6d2539766c (webtiles) character file.

Game seed: 1304602941600638669

57 lunkers the Digger (level 4, -3/33 HPs)
             Began as a Meteoran Earth Elementalist on May 8, 2023.
             Engulfed by a steam dragon's steam (9 damage)
             ... on level 3 of the Dungeon.
             The game lasted 00:01:24 (763 turns).

lunkers the Digger (Meteoran Earth Elementalist)     Turns: 763, Time: 00:01:24

Health: -3/33      AC:  4    Str:  9    XL:     4   Next: 41%
Magic:  6/10       EV: 12    Int: 19    God:
Gold:   63         SH:  0    Dex: 14    Spells: 9/10 levels left

rFire   . . .        k - +0 short sword (venom)
rCold   . . .        (no shield)
rNeg    . . .        a - +0 robe
rPois   .            e - +0 helmet
rElec   .            (no cloak)
rCorr   .            (no gloves)
SInv    .            g - +0 pair of boots
Will    .....        (no amulet)
Stlth   +            (no ring)
HPRegen 0.25/turn    (no ring)
MPRegen 0.12/turn

%: no passive effects
@: glowing
A: sense surroundings 1, otherworldly, glowing, explore regen
a: no special abilities


You were on level 3 of the Dungeon.
You visited 1 branch of the dungeon, and saw 3 of its levels.

You collected 63 gold pieces.

Inventory:

Hand Weapons
 k - a +0 short sword of venom (weapon)
Armour
 a - a +0 robe (worn)
 e - a +0 helmet (worn)
 g - a +0 pair of boots (worn)
Scrolls
 d - 3 scrolls of identify {unknown}
 f - a scroll of immolation {unknown}
 h - a scroll of blinking {unknown}
Potions
 b - a potion of magic
 c - a potion of invisibility {unknown}
 i - a potion of lignification {unknown}
 j - a potion of haste {unknown}


   Skills:
 - Level 2.4 Dodging
 - Level 1.4 Stealth
 + Level 3.6 Spellcasting
 - Level 1.3 Transmutations
 * Level 5.1 Earth Magic


You had 9 spell levels left.
You knew the following spells:

 Your Spells              Type           Power      Damage    Failure   Level
a - Sandblast             Erth           46%        2d11      1%          1

Your spell library contained the following spells:

 Spells                   Type           Power      Damage    Failure   Level
 Passwall                 Tmut/Erth      12%        N/A       6%          2
 Stone Arrow              Conj/Erth      26%        3d8       16%         3
 Petrify                  Tmut/Erth      15%        N/A       36%         4


Dungeon Overview and Level Annotations

Branches:
Dungeon (3/15) Zot: 1018

Altars:

Annotations:
D:1 1 transporter


Innate Abilities, Weirdness & Mutations

You passively map a small area around you.
You are easily found by Zot.
You glow in the dark.
You regain HP and MP as you explore.


Message History

The blast of sand hits the steam dragon but does no damage.
The steam dragon breathes steam at you. The ball of steam hits you!!
Ouch! That really hurt!
* * * LOW HITPOINT WARNING * * *
You are engulfed in a cloud of scalding steam.
* * * LOW HITPOINT WARNING * * *
Aiming: Sandblast (safe; 1% risk of failure)
Press: ? - help, Q - select action Shift-Dir - straight line, f/p - steam dragon
Aim: a steam dragon (steam, 83% to hit)
The blast of sand hits the steam dragon.
The steam dragon is lightly wounded.
Unknown command.
Unknown command.
Aiming: Sandblast (safe; 1% risk of failure)
Press: ? - help, Q - select action Shift-Dir - straight line, f/p - steam dragon
Aim: a steam dragon (lightly wounded, 83% to hit)
The blast of sand hits the steam dragon.
The steam dragon is moderately wounded.
The steam dragon breathes steam at you. The ball of steam misses you.
The steam dragon bites you but does no damage.
The steam dragon claws you but does no damage.
Unknown command.
Unknown command.
Aiming: Sandblast (safe; 1% risk of failure)
Press: ? - help, Q - select action Shift-Dir - straight line, f/p - steam dragon
Aim: a steam dragon (steam, moderately wounded, catching its breath, 83% to hit)
The blast of sand misses the steam dragon.
You are engulfed in a cloud of scalding steam.
* * * LOW HITPOINT WARNING * * *
The steam dragon misses you. The steam dragon barely misses you.
Unknown command.
Aiming: Sandblast (safe; 1% risk of failure)
Press: ? - help, Q - select action Shift-Dir - straight line, f/p - steam dragon
Aim: a steam dragon (moderately wounded, 83% to hit)
The blast of sand hits the steam dragon but does no damage.
The steam dragon is moderately wounded.
You are engulfed in a cloud of scalding steam.
You die...

####.........
#...<.§###.#*
, ,
###....§...##
,
*#.#........
*
...#§.######
#.###..# * *
*##.....# , *
#.###§## *
#@# #D# #.# *
* * #..* , *,
..# * ..? #..
* ##. *


You could see a steam dragon.

Vanquished Creatures
  2 adders (D:2)
  A white imp (D:3)
  3 ball pythons
  6 endoplasms
  A giant cockroach (D:1)
  2 goblins
  2 hobgoblins (D:1)
  A jackal (D:2)
  3 quokkas
  3 bats (D:1)
  4 kobolds
  A rat (D:1)
29 creatures vanquished.

Notes
Turn   | Place    | Note
-------+----------+-------------------------------------------
     0 | D:1      | lunkers the Meteoran Earth Elementalist began the quest for
                  | the Orb.
     0 | D:1      | Reached XP level 1. HP: 14/14 MP: 5/5
   234 | D:1      | Reached XP level 2. HP: 20/20 MP: 4/6
   370 | D:1      | Reached skill level 4 in Earth Magic
   419 | D:1      | Reached XP level 3. HP: 26/26 MP: 6/8
   491 | D:1      | Glimpsed the power of Zot.
   541 | D:1      | Glimpsed the power of Zot.
   543 | D:2      | Found a faded altar of an unknown god.
   647 | D:2      | Reached skill level 5 in Earth Magic
   647 | D:2      | Reached XP level 4. HP: 33/33 MP: 6/10
   655 | D:2      | Identified the +1 robe of the Morning {-Cast Dex+3 Stlth+}
   756 | D:3      | Noticed a steam dragon
   763 | D:3      | Engulfed by a steam dragon's steam

Illustrated notes

Levels and vault maps discovered:
D:1:      spicycebolla_arrival_risky_transporter, layout_basic, st_stairs_8,
          minmay_hexomino_f4
D:2:      layout_basic, shapermc_ecumenical_altar_starsandcircs
D:3:      cheibrodos_fertilizer, layout_loops_ring,
          mainiacjoe_overflow_six_doors_small

Skill      XL: |  1  2  3 |
---------------+----------+-----
Earth Magic    | 4 5 |  5.1
Spellcasting   | 3 |  3.6
Dodging        | |  2.4
Stealth        | |  1.4
Transmutations | |  1.3

Action                     |  1- 3 |  4- 6 || total
---------------------------+-------+-------++-------
   Cast: Sandblast         |    30 |    10 ||    40
 Armour: Robe              |       |     2 ||     2
  Dodge: Dodged            |     2 |     3 ||     5

Table legend: (Time is in decaauts)
 A = Elapsed time spent in this place.
 B = Non-inter-level travel time spent in this place.
 C = Inter-level travel time spent in this place.
 D = Time resting spent in this place.
 E = Time spent auto-exploring this place.
 F = Levels seen in this place.
 G = Mean time per level.
                   A        B        C        D        E       F      G
               +--------+--------+--------+--------+--------+-----+--------+
         Total |    781 |    726 |     55 |      0 |    533 |   3 |  260.3 |
       Dungeon |    781 |    726 |     55 |      0 |    533 |   3 |  260.3 |
               +--------+--------+--------+--------+--------+-----+--------+

Top non-repeatable levels by time:
     D:1: 552 daAuts
     D:2: 213 daAuts
     D:3: 16 daAuts
